 Dungeon Crawl Stone Soup version 0.28-a0-563-gf77a47075d (webtiles) character file.

Game seed: 8819118216759688019

7401 vurker the Thaumaturge (level 11, -7/82 HPs)
             Began as a Djinni Cinder Acolyte on Sept 29, 2021.
             Was a High Priest of Ignis.
             Mangled by a two-headed ogre (28 damage)
             ... on level 9 of the Dungeon.
             The game lasted 00:13:32 (10637 turns).

vurker the Thaumaturge (Djinni Cinder Acolyte)     Turns: 10637, Time: 00:13:33

Health: -7/82      AC:  8    Str: 13    XL:     11   Next: 36%
Gold:   382        EV: 15    Int: 18    God:    Ignis [*****.] SH:  0 Dex: 10

rFire   + + +      SeeInvis .   a - +0 falchion (flame)
rCold   x . .      Faith    .   (no shield)
rNeg    . . .      Spirit   .   u - +2 robe {Will+}
rPois   ∞          Reflect  .   (no helmet)
rElec   .          Harm     .   b - +2 cloak
rCorr   .          Rampage  .   o - +0 pair of gloves
Will    ++...                   (boots unavailable)
Stlth   +.........              (no amulet)
HPRegen 0.23/turn               s - +4 ring of evasion
MPRegen 0.00/turn               (no ring)

@: flying
A: sickness immunity, fire resistance 2, cold vulnerability 1, float, innate
caster, hp casting, extra vitality 1
a: Renounce Religion, Sea of Fire, Foxfire Swarm, Rising Flame


You were on level 9 of the Dungeon.
You worshipped Ignis.
Ignis was extremely pleased with you.
You visited 1 branch of the dungeon, and saw 9 of its levels.

You collected 382 gold pieces.

Inventory:

Hand Weapons
 a - a +0 falchion of flaming (weapon)
 k - a +0 short sword of venom
   (You took it off a kobold on level 3 of the Dungeon)
Missiles
 t - a throwing net
Armour
 b - a +2 cloak (worn)
   (You found it on level 5 of the Dungeon)
 o - a +0 pair of gloves (worn)
   (You found it on level 5 of the Dungeon)
 u - a +2 robe of willpower (worn)
   (You took it off Pikel on level 5 of the Dungeon)
Jewellery
 g - a ring of protection from cold
   (You found it on level 8 of the Dungeon)
 s - a +4 ring of evasion (left hand)
   (You found it on level 4 of the Dungeon)
Wands
 e - a wand of charming (7)
   (You took it off an orc on level 8 of the Dungeon)
Scrolls
 f - 2 scrolls of teleportation
 n - a scroll of blinking
Potions
 c - 2 potions of heal wounds
 d - 2 potions of might
 h - 8 potions of curing
 m - 2 potions of lignification
 p - a potion of cancellation
 r - a potion of resistance {unknown}


   Skills:
 + Level 8.7 Fighting
 - Level 2.6 Long Blades
 * Level 12.5 Spellcasting


You had 21 spell levels left.
You knew the following spells:

 Your Spells              Type           Power      Damage    Failure   Level
a - Scorch                Fire           100%       2d10      1%          2
b - Sting                 Tmut/Pois      100%       1d8       1%          1
c - Ensorcelled Hibernat  Hex/Ice        100%       N/A       1%          2
d - Passwall              Tmut/Erth      45%        N/A       1%          2
e - Gell's Gravitas       Tloc           27%        N/A       1%          3
f - Passage of Golubria   Tloc           N/A        N/A       1%          4
Your spell library was empty.

Dungeon Overview and Level Annotations

Branches:
Dungeon (9/15)             Temple (0/1) D:4
   Lair: D:8-11         Orc: D:9-12

Altars:
Uskayaw

Shops:
D:3 (   D:4 *   D:7 *


Innate Abilities, Weirdness & Mutations

You are immune to sickness and miasma.
You are immune to poison.
Your flesh is very heat resistant. (rF++)
You are vulnerable to cold. (rC-)
You float through the air rather than walking.
You learn spells naturally, not from books.
Your magical power is your life essence.
You have superior vitality. (+4 HP)


Message History

You can't see any susceptible monsters within range! (Use Z to cast anyway.)
You can't see any susceptible monsters within range! (Use Z to cast anyway.) 2 kobolds come into view.
The kobold shouts! x2
Flames lash the kobold.
You kill the kobold!
The kobold throws a stone.
The stone barely misses you.
Flames lash the kobold.
You kill the kobold!
A kobold comes into view. It is wielding a +0 short sword.
Flames lash the kobold brigand.
The kobold brigand's fire resistance burns away.
Flames lash the kobold brigand.
The kobold brigand is burned terribly!
The kobold brigand misses you.
Flames lash the kobold.
You kill the kobold!
The kobold brigand hits you with a +0 short sword.
Flames lash the kobold.
You kill the kobold!
The kobold brigand hits you with a +0 short sword.
Flames lash the kobold brigand.
The kobold brigand is burned terribly!
You kill the kobold brigand!
Flames lash the kobold.
You kill the kobold!
A two-headed ogre comes into view.
It is wielding a +0 giant spiked club and a +0 giant club.
You can't see any susceptible monsters within range! (Use Z to cast anyway.)
Things that are here:
a +0 short sword; a curare-tipped dart; a kobold corpse
Things that are here:
a +0 short sword; 5 stones; a kobold corpse Flames lash the two-headed ogre.
The two-headed ogre's fire resistance burns away.
Flames lash the two-headed ogre.
The two-headed ogre is burned terribly!
Flames lash the two-headed ogre.
The two-headed ogre is burned terribly!
The two-headed ogre misses you.
The two-headed ogre hits you with a +0 giant club!
Flames lash the two-headed ogre.
The two-headed ogre is burned terribly!
The two-headed ogre barely misses you.
The two-headed ogre hits you with a +0 giant club!!
* * * LOW HITPOINT WARNING * * *
The two-headed ogre is no longer more vulnerable to fire.
Things that are here:
a +0 short sword; a curare-tipped dart; a kobold corpse Flames lash the two-headed ogre.
The two-headed ogre's fire resistance burns away.
* * * LOW HITPOINT WARNING * * *
Flames lash the two-headed ogre but do no damage.
* * * LOW HITPOINT WARNING * * *
The two-headed ogre hits you with a +0 giant spiked club!!
You die...

...... ....#
....##### .........
##..(....
#########.....#
##........)....####
#......<@O)))......
#..########.)......
#########


You could see a two-headed ogre (combustible).

Vanquished Creatures
  A two-headed ogre (D:8)
  Pikel (D:5)
  A troll (D:8)
  A hornet (D:7)
  A wyvern (D:8)
  A steam dragon (D:4)
  3 water moccasins
  An orc warrior (D:8)
  An ogre (D:7)
  A sky beast (D:5)
  A necrophage (D:6)
  A phantom (D:5)
  2 lemures (D:5)
  2 kobold brigands
  2 scorpions
  A water moccasin zombie (D:6)
  9 killer bees
  4 wights (D:8)
  A bullfrog zombie (D:7)
  3 centaur zombies
  8 orc priests
  2 bullfrog skeletons
  2 jellies
  A gnoll shaman (D:5)
  A centaur skeleton (D:7)
  5 iguanas
  10 orc wizards
  A killer bee zombie (D:6)
  A hound zombie (D:5)
  A mummy (D:4)
  7 gnolls
  8 adders
  A shadow imp (D:7)
  2 white imps (D:6)
  An adder skeleton (D:4)
  A worm (D:4)
  3 dart slugs
  30 orcs
  11 endoplasms
  4 giant cockroaches
  8 goblins
  3 hobgoblins
  2 jackals (D:3)
  3 quokkas
  6 ball pythons
  4 bats
  3 frilled lizards
  3 hobgoblin zombies (D:4)
  14 kobolds
  A kobold zombie (D:4)
  6 rats
191 creatures vanquished.

Vanquished Creatures (others)
  An orc wizard (D:8)
1 creature vanquished.

Grand Total: 192 creatures vanquished

Notes
Turn   | Place    | Note
-------+----------+-------------------------------------------
     0 | D:1      | vurker the Djinni Cinder Acolyte began the quest for the
                  | Orb.
     0 | D:1      | Reached XP level 1. HP: 20/20 MP: 0/0
   270 | D:1      | Reached XP level 2. HP: 25/25 MP: 0/0
   753 | D:1      | Reached skill level 3 in Spellcasting
   753 | D:1      | Reached XP level 3. HP: 25/30 MP: 0/0
   753 | D:1      | Learned a level 1 spell: Sting
  1593 | D:2      | Reached XP level 4. HP: 22/35 MP: 0/0
  2069 | D:2      | Reached XP level 5. HP: 26/41 MP: 0/0
  2069 | D:2      | Learned a level 2 spell: Ensorcelled Hibernation
  2315 | D:2      | Found a faded altar of an unknown god.
  2666 | D:3      | Found Ynloh's Weapon Emporium.
  3144 | D:3      | Reached skill level 4 in Spellcasting
  3770 | D:4      | Found Virghusui's General Store.
  3931 | D:4      | Identified the +6 scale mail of the Sparrow {rC+ Int+2
                  | Dex-5}
  3944 | D:4      | Found a staircase to the Ecumenical Temple.
  4100 | D:4      | Reached XP level 6. HP: 40/47 MP: 0/0
  4515 | D:4      | Noticed a steam dragon
  4524 | D:4      | Killed a steam dragon
  4525 | D:4      | Reached XP level 7. HP: 21/53 MP: 0/0
  4525 | D:4      | Learned a level 2 spell: Passwall
  5194 | D:5      | Entered Level 5 of the Dungeon
  5207 | D:5      | Reached skill level 5 in Spellcasting
  5358 | D:5      | Reached skill level 5 in Fighting
  5921 | D:5      | Noticed Pikel
  5921 | D:5      | Noticed a water moccasin
  5935 | D:5      | Killed a water moccasin
  5936 | D:5      | Reached XP level 8. HP: 15/61 MP: 0/0
  5961 | D:5      | Killed Pikel
  5962 | D:5      | Reached skill level 6 in Spellcasting
  6572 | D:5      | Reached skill level 7 in Spellcasting
  6572 | D:5      | Reached XP level 9. HP: 64/67 MP: 0/0
  6572 | D:5      | Learned a level 3 spell: Gell's Gravitas
  7841 | D:7      | Noticed a +0 dagger
  7841 | D:7      | Noticed a +0 dagger
  7847 | D:7      | Found a hide-covered altar of Uskayaw.
  7893 | D:7      | Reached skill level 8 in Spellcasting
  8304 | D:7      | Noticed a hornet
  8310 | D:7      | Killed a hornet
  8314 | D:7      | Reached XP level 10. HP: 58/76 MP: 0/0
  8628 | D:7      | Found Bify's Bounteous Boutique.
  8654 | D:7      | Reached skill level 12 in Spellcasting
  8654 | D:7      | Reached XP level 11. HP: 81/81 MP: 0/0
  8654 | D:7      | Learned a level 4 spell: Passage of Golubria
  9952 | D:8      | Noticed a two-headed ogre
  9958 | D:8      | Killed a two-headed ogre
 10626 | D:9      | Noticed a two-headed ogre
 10637 | D:9      | Mangled by a two-headed ogre

Illustrated notes

Levels and vault maps discovered:
D:1:      dpeg_arrival_court, layout_loops_ring
D:2:      layout_loops_ring, hellmonk_ecumenical_altar_pennies_from_heaven,
          minmay_puff
D:3:      layout_basic, serial_shops, shop, glass_columns_a
D:4:      kennysheep_big_flooded_room, layout_basic,
          minmay_temple_entry_junction_2, serial_shops, shop,
          minmay_mini_ossuary
D:5:      layout_basic, grunt_ministairs_15, uniq_pikel
D:6:      layout_loops_ring
D:7:      layout_loops_cross, dancing_weapons_uskayaw, nicolae_alphabet_shops
D:8:      layout_loops_cross
D:9:      layout_layer_cave, dpeg_lair_monsters, special_room [special_room_orc]

Skill      XL: |  1  2  3  4  5  6  7  8  9 10 |
---------------+-------------------------------+-----
Spellcasting   | 3 4 5 7 8 12 | 12.5
Fighting       | 4 5 6 8 |  8.7
Long Blades    | |  2.6

Action                   |  1- 3 |  4- 6 |  7- 9 | 10-12 || total
-------------------------+-------+-------+-------+-------++-------
Melee: Falchion          |    33 |     8 |    24 |     1 ||    66
 Cast: Scorch            |    18 |    78 |   131 |    97 ||   324
Evoke: Wand              |       |       |     6 |       ||     6
  Use: Scroll            |       |       |     4 |    12 ||    16
       Potion            |       |       |     3 |     1 ||     4
Armor: Robe              |     9 |     5 |    14 |     9 ||    37
       Skin              |       |       |    45 |       ||    45
Dodge: Dodged            |    24 |    14 |    62 |    40 ||   140

Table legend: (Time is in decaauts)
 A = Elapsed time spent in this place.
 B = Non-inter-level travel time spent in this place.
 C = Inter-level travel time spent in this place.
 D = Time resting spent in this place.
 E = Time spent auto-exploring this place.
 F = Levels seen in this place.
 G = Mean time per level.
                   A        B        C        D        E       F      G
               +--------+--------+--------+--------+--------+-----+--------+
         Total |  10647 |  10281 |    366 |    515 |   8462 |   9 | 1183.0 |
       Dungeon |  10647 |  10281 |    366 |    515 |   8462 |   9 | 1183.0 |
               +--------+--------+--------+--------+--------+-----+--------+

Top non-repeatable levels by time:
     D:5: 1645 daAuts
     D:8: 1555 daAuts
     D:4: 1486 daAuts
     D:2: 1431 daAuts
     D:1: 1180 daAuts
     D:6: 1177 daAuts
     D:3: 1101 daAuts
     D:7: 1045 daAuts
     D:9: 23 daAuts
